 Dungeon Crawl Stone Soup version 0.19.0-19-g8c6edcc (webtiles) character file.

2628 Drunkenshrew the Carver (level 9, -6/64 HPs)
             Began as a High Elf Berserker on Nov 14, 2016.
             Was a Priest of Trog.
             Mangled by Erica
             ... wielding a +0 scimitar of flaming
              (11 damage)
             ... on level 8 of the Dungeon.
             The game lasted 00:21:39 (6202 turns).

Drunkenshrew the Carver (High Elf Berserker)        Turns: 6202, Time: 00:21:40

Health: -6/64      AC:  9    Str: 17    XL:     9   Next: 35%
Magic:  10/10      EV: 15    Int: 12    God:    Trog [***...]
Gold:   443        SH:  0    Dex: 17    Spells: 0 memorised, 8 levels left

rFire  + . .     SeeInvis .     F - staff of death (curse)
rCold  . . .     Gourm    .     r - +0 ring mail {rF+}
rNeg   + . .     Faith    .     (no shield)
rPois  .         Spirit   .     (no helmet)
rElec  .         Reflect  .     o - +0 cloak
rCorr  .         Harm     .     i - +1 pair of gloves
MR     ++...                    H - +0 pair of boots
Stlth  +.........               (no amulet)
                                (no ring)
                                (no ring)

@: lethally poisoned (-6 -> -6), exhausted, very slightly contaminated,
regenerating, slowed, very slow
A: no striking features
a: Berserk, Trog's Hand, Burn Spellbooks, Renounce Religion


You were on level 8 of the Dungeon.
You worshipped Trog.
Trog was most pleased with you.
You were near starving.

You visited 2 branches of the dungeon, and saw 9 of its levels.

You collected 443 gold pieces.

Inventory:

Hand Weapons
 k - a +0 blowgun
 l - a +0 dagger of protection
 p - the +8 great sword "Azyri" {drain, Str+5}
   (You found it on level 5 of the Dungeon)

   A truly terrible weapon, it drains the life of those it strikes.
   It affects your strength (+5).
 C - a +3 scimitar
Missiles
 h - 37 arrows
 s - 5 curare-tipped needles
 G - 8 javelins (quivered)
Armour
 i - a +1 pair of gloves (worn)
 o - a +0 cloak (worn)
 r - a +0 ring mail of fire resistance (worn)
 H - a +0 pair of boots (worn)
Magical Staves
 x - an uncursed staff of death
 z - an uncursed staff of conjuration
 F - a cursed staff of death (weapon)
Wands
 g - a wand of flame (0/48)
 t - a wand of digging (8/24)
 y - a wand of paralysis (24/24)
 D - a wand of random effects (19/48)
Scrolls
 b - 3 scrolls of enchant armour
 e - 2 scrolls of fog
 m - 6 scrolls of amnesia
 n - 3 scrolls of recharging
 q - 2 scrolls of identify
Potions
 a - 2 potions of flight
 d - a potion of berserk rage
 f - 3 potions of curing
 j - 3 potions of lignification
 v - 2 potions of magic
 E - a potion of cancellation
Comestibles
 c - 7 bread rations
 u - 3 beef jerkies
 w - a meat ration
 A - 2 fruits
 I - 2 chunks of flesh


   Skills:
 + Level 7.1 Fighting
 - Level 11.2 Long Blades
 - Level 2.0 Armour
 - Level 7.1 Dodging


You had 8 spell levels left.
You didn't know any spells.

Dungeon Overview and Level Annotations

Branches:
Dungeon (8/15)             Temple (1/1) D:5
   Lair: D:8-11

Altars:
Ashenzari
Cheibriados
Dithmenos
Elyvilon
Fedhas
Gozag
Hepliaklqana
Kikubaaqudgha
Makhleb
Nemelex Xobeh
Okawaru
Qazlal
Ru
Sif Muna
Trog
Uskayaw
Vehumet
Xom
Yredelemnul
Zin

Shops:
D:6 }

Annotations:
D:8 Erica


Message History

Something burns you.
* * * LOW HITPOINT WARNING * * *
Okay, then.
You miss something.
You feel sick. Something barely misses you.
Something hits you but does no damage.
You barely miss something.
You feel sick. Something hits you!
* * * LOW HITPOINT WARNING * * *
Something burns you.
* * * LOW HITPOINT WARNING * * *
You hit something.
You feel sick. Something hits you but does no damage. Something hits you!
* * * LOW HITPOINT WARNING * * *
You hit something.
You feel sick. Something barely misses you.
You hit something but do no damage.
You feel sick. Something completely misses you. Something hits you.
* * * LOW HITPOINT WARNING * * *
Your ring mail prevents you from hitting something.
Something hits you but does no damage.
You hit something but do no damage.
You feel sick. Something hits you!
You die...

## ... #
....#####.#
....=...#.#
..........#
#.# #@# #{#
#h# ####.#
#..(.# ?.#
##Z#..# #..
#.....# ...
#..##.# #.#
#.....#


You could see a hound.

Vanquished Creatures
  The ghost of humperndinck the Ruffian, a novice DrTm (D:4)
  A hippogriff (D:7)
  Edmund (D:4)
  A hornet zombie (D:8)
  2 phantoms
  6 ogres
  Blork the orc (D:4)
  A bullfrog (D:7)
  A wyvern skeleton (D:6)
  2 scorpions
  A howler monkey (D:7)
  A centaur zombie (D:6)
  4 crimson imps
  Crazy Yiuf (D:2)
  A hound (D:7)
  5 orc wizards
  2 orc priests
  Jessica (D:2)
  A bullfrog skeleton (D:8)
  4 worker ants
  3 hound zombies
  A hound skeleton (D:4)
  A worker ant zombie (D:3)
  8 gnolls
  A howler monkey skeleton (D:7)
  9 adders
  4 oozes
  2 adder zombies
  2 worms
  5 dart slugs
  8 leopard geckos
  14 orcs
  2 ball pythons
  5 giant cockroaches
  5 goblins
  7 hobgoblins
  6 jackals
  3 quokkas
  3 bats
  10 frilled lizards
  A jackal skeleton (D:4)
  6 kobolds
  3 rats
147 creatures vanquished.

Notes
Turn   | Place    | Note
-------+----------+-------------------------------------------
     0 | D:1      | Drunkenshrew the High Elf Berserker began the quest for the Orb.
     0 | D:1      | Reached XP level 1. HP: 16/16 MP: 2/2
   182 | D:1      | Reached skill level 4 in Long Blades
   182 | D:1      | Reached XP level 2. HP: 21/21 MP: 3/3
   646 | D:2      | Noticed Jessica
   654 | D:2      | Killed Jessica
   654 | D:2      | Reached XP level 3. HP: 26/26 MP: 4/4
   892 | D:2      | Reached XP level 4. HP: 31/31 MP: 5/5
   973 | D:2      | Reached ** piety under Trog
  1130 | D:2      | Found a runed door.
  1134 | D:2      | Noticed Crazy Yiuf
  1140 | D:2      | Killed Crazy Yiuf
  1554 | D:3      | Noticed an enchanted dagger
  1556 | D:3      | Noticed a hand axe
  1556 | D:3      | Found a hide-covered altar of Uskayaw.
  1559 | D:3      | Reached XP level 5. HP: 38/38 MP: 6/6
  1987 | D:3      | Found a white marble altar of Elyvilon.
  2013 | D:3      | Reached skill level 5 in Fighting
  2173 | D:3      | Found a basalt altar of Yredelemnul.
  2524 | D:4      | Noticed an ogre
  2529 | D:4      | Reached skill level 5 in Long Blades
  2529 | D:4      | Reached XP level 6. HP: 45/45 MP: 7/7
  2538 | D:4      | Reached skill level 6 in Long Blades
  2622 | D:4      | Noticed Blork the orc
  2630 | D:4      | Killed Blork the orc
  2688 | D:4      | Found a sacrificial altar of Ru.
  2694 | D:4      | Reached skill level 7 in Long Blades
  2694 | D:4      | Reached XP level 7. HP: 50/50 MP: 8/8
  2864 | D:4      | Noticed humperndinck's ghost (novice DrTm)
  2881 | D:4      | Killed humperndinck's ghost
  2881 | D:4      | Reached skill level 9 in Long Blades
  3023 | D:4      | Noticed Edmund
  3034 | D:4      | Killed Edmund
  3140 | D:4      | Reached XP level 8. HP: 49/55 MP: 9/9
  3288 | D:5      | Entered Level 5 of the Dungeon
  3288 | D:5      | Found a staircase to the Ecumenical Temple.
  3305 | D:5      | Found a shattered altar of Ashenzari.
  3315 | D:5      | Reached skill level 10 in Long Blades
  3328 | D:5      | Reached *** piety under Trog
  3396 | Temple   | Entered the Ecumenical Temple
  3864 | D:5      | Got a transparent great sword
  3865 | D:5      | Identified the +8 great sword "Azyri" {drain, Str+5} (You found it on level 5 of the Dungeon)
  3951 | D:5      | Found a radiant altar of Vehumet.
  4045 | D:5      | Found a stormy altar of Qazlal.
  4045 | D:5      | Found a glowing silver altar of Zin.
  4046 | D:5      | Found an opulent altar of Gozag.
  4245 | D:5      | Found a burning altar of Makhleb.
  4246 | D:5      | Found a radiant altar of Vehumet.
  4348 | D:6      | Reached skill level 11 in Long Blades
  4463 | D:6      | Reached skill level 5 in Dodging
  4476 | D:6      | Found an ancient bone altar of Kikubaaqudgha.
  4573 | D:6      | Found Iheow's Gadget Boutique.
  4699 | D:7      | Noticed a hippogriff
  4704 | D:7      | Killed a hippogriff
  4918 | D:7      | Reached XP level 9. HP: 61/61 MP: 10/10
  6127 | D:8      | Noticed Erica
  6198 | D:8      | HP: 2/64 [something (7)]
  6202 | D:8      | Mangled by Erica

Skill      XL: |  1  2  3  4  5  6  7  8  9 |
---------------+----------------------------+-----
Long Blades    | 4 5 7 9 11 | 11.2
Armour         | 2 |  2.0
Dodging        | 3 4 7 |  7.1
Fighting       | 4 5 7 |  7.1

Action                   |  1- 3 |  4- 6 |  7- 9 || total
-------------------------+-------+-------+-------++-------
Melee: Falchion          |    77 |   151 |   121 ||   349
       Staff             |       |       |   251 ||   251
       Great sword       |       |       |    33 ||    33
       Scimitar          |       |       |    25 ||    25
Invok: Berserk           |     2 |    10 |    13 ||    25
       Trog's Hand       |       |     2 |     5 ||     7
  Use: Potion            |       |     2 |     2 ||     4
       Scroll            |       |       |    18 ||    18
 Stab: Sleeping          |     1 |       |       ||     1
  Eat: Chunk             |     2 |    15 |    18 ||    35
       Meat ration       |       |       |     1 ||     1
       Pizza             |       |       |     1 ||     1
Armor: Animal skin       |    10 |       |       ||    10
       Leather armour    |     6 |    10 |       ||    16
       Ring mail         |       |    27 |   128 ||   155
Dodge: Dodged            |    53 |    99 |   279 ||   431
       Rpst.: Falchion   |    15 |    46 |    11 ||    72
       Great sword       |       |       |     7 ||     7
       Scimitar          |       |       |     4 ||     4
